 Dungeon Crawl Stone Soup version 0.28.0-47-ge53b351184 (webtiles) character file.

Game seed: 6083462137942043652

105 terff the Ducker (level 4, -3/41 HPs)
             Began as a Gnoll Monk on May 1, 2022.
             Was a Priest of Sif Muna.
             Slain by a centaur (4 damage)
             ... on level 7 of the Dungeon.
             The game lasted 00:04:35 (2734 turns).

terff the Ducker (Gnoll Monk)                       Turns: 2734, Time: 00:04:35

Health: -3/41      AC:  6    Str: 10    XL:     4   Next: 81%
Magic:  5/5        EV: 13    Int: 11    God:    Sif Muna [***...]
Gold:   39         SH:  8    Dex: 21    Spells: 5/5 levels left

rFire   + . .      SeeInvis .   k - staff of fire
rCold   + . .      Faith    .   h - +3 buckler of Vlad {rC+ Will+}
rNeg    . . .      Spirit   .   i - +0 ring mail
rPois   .          Reflect  .   (no helmet)
rElec   .          Harm     .   e - +0 cloak
rCorr   .          Rampage  .   (no gloves)
Will    +....                   (no boots)
Stlth   ++........              (no amulet)
HPRegen 0.13/turn               d - +6 ring of dexterity
MPRegen 0.09/turn               (no ring)

@: no status effects
A: fangs 1, strong nose, distributed training
a: Renounce Religion, Channel Magic, Forget Spell


You were on level 7 of the Dungeon.
You worshipped Sif Muna.
Sif Muna was most pleased with you.
You visited 1 branch of the dungeon, and saw 6 of its levels.

You collected 39 gold pieces.

Inventory:

Hand Weapons
 a - a +0 falchion
 g - a +4 dagger
Armour
 e - a +0 cloak (worn)
 h - the +3 buckler of Vlad (worn) {rC+ Will+}
   (You acquired it on level 1 of the Dungeon)

   rC:        It protects you from cold.
   Will:      It increases your willpower.
 i - a +0 ring mail (worn)
Magical Staves
 k - a staff of fire (weapon)
Jewellery
 d - a +6 ring of dexterity (left hand)
Scrolls
 j - 2 scrolls of amnesia
Potions
 c - a potion of brilliance {unknown}
 f - 4 potions of curing {unknown}


   Skills:
 + Level 6.6 Fighting
 + Level 1.2 Short Blades
 + Level 6.6 Long Blades
 + Level 1.2 Axes
 + Level 1.2 Maces & Flails
 + Level 1.2 Polearms
 + Level 1.2 Staves
 + Level 1.2 Slings
 + Level 1.2 Bows
 + Level 1.2 Crossbows
 + Level 1.2 Throwing
 + Level 1.2 Armour
 + Level 6.6 Dodging
 + Level 4.3 Stealth
 + Level 1.2 Shields
 + Level 1.2 Unarmed Combat
 + Level 1.2 Spellcasting
 + Level 1.0 Conjurations
 + Level 1.0 Hexes
 + Level 1.0 Summonings
 + Level 1.0 Necromancy
 + Level 1.0 Translocations
 + Level 1.0 Transmutations
 + Level 1.0 Fire Magic
 + Level 1.0 Ice Magic
 + Level 1.0 Air Magic
 + Level 1.0 Earth Magic
 + Level 1.0 Poison Magic
 + Level 1.4 Invocations
 + Level 1.2 Evocations


You had 5 spell levels left.
You didn't know any spells.
Your spell library contained the following spells:

 Spells                   Type           Power      Damage    Failure   Level
 Magic Dart               Conj           12%        1d3       56%         1
 Call Imp                 Summ           3%         N/A       71%         2
 Mephitic Cloud           Conj/Pois/Air  3%         N/A       91%         3


Dungeon Overview and Level Annotations

Branches:
Dungeon (5/15)
 Temple: D:4-7

Altars:
Sif Muna

Annotations:
D:3 Terence


Innate Abilities, Weirdness & Mutations

You have very sharp teeth.
Your uncanny sense of smell can sniff out nearby items.
Your experience applies equally to all skills.


Message History

You hit something but do no damage. Your bite misses something.
Something hits you. The dart slug barely misses you.
You hit something but do no damage. Something hits you. Something hits you!
* * * LOW HITPOINT WARNING * * *
There is an escape hatch in the floor here.
You slide downwards.
The hatch slams shut behind you.
Reactivating autopickup.
Found a stone staircase leading down.
Blink to where?
Press: ? - help, Dir - move target Blink to where?
Press: ? - help, Dir - move target A ball python comes into view.
As you read the scroll labelled YNACETRU ANAA, it crumbles to dust.
It was a scroll of blinking.
You climb downwards.
A sourceless malevolence fills the Dungeon...
You fall into a shaft and drop 2 floors!
The shaft crumbles and collapses.
You hear the hiss of flowing sand.
There is an entrance to an ossuary on this level.
Hurry and find it before the portal is buried!
Found 13 gold pieces and a scroll labelled PAJIOT WUEDE.
Found a stone staircase leading up.
A centaur comes into view.
Found a stone staircase leading down.
The centaur shouts!
The centaur wields a +0 shortbow.
The centaur shoots an arrow.
The arrow hits you!
* * * LOW HITPOINT WARNING * * *
The centaur shoots an arrow.
The arrow closely misses you.
The centaur unwields a +0 shortbow.
The centaur misses you. You block the centaur's attack.
The centaur barely misses you. The centaur closely misses you.
You hit the centaur but do no damage. You bite the centaur, but do no damage.
The centaur closely misses you. You block the centaur's attack.
You hit the centaur but do no damage. The centaur completely misses you.
The centaur barely misses you. The centaur closely misses you. x2
You hit the centaur but do no damage. The centaur closely misses you.
You block the centaur's attack. The centaur hits you.
You die...

. #. ## . #. ..
#.#. >#
##.#?######.#
#.....<.....# #
#...........##.#
#..............#
#....c@.....#
#..........$#
##.#.###.#.## #
#. #...# # ##..#
..... ..#....
....##. ...##


You could see a centaur.

Vanquished Creatures
  A hound (D:2)
  2 adders (D:2)
  3 worms
  2 dart slugs (D:1)
  3 orcs (D:3)
  3 endoplasms
  A giant cockroach (D:1)
  4 goblins
  3 hobgoblins
  2 quokkas (D:2)
  A ball python (D:1)
  3 bats
  2 frilled lizards
  7 kobolds
  6 rats
43 creatures vanquished.

Vanquished Creatures (others)
  A plant (D:1)
1 creature vanquished.

Grand Total: 44 creatures vanquished

Notes
Turn   | Place    | Note
-------+----------+-------------------------------------------
     0 | D:1      | terff the Gnoll Monk began the quest for the Orb.
     0 | D:1      | Reached XP level 1. HP: 23/23 MP: 1/1
   181 | D:1      | Reached XP level 2. HP: 24/29 MP: 2/2
   312 | D:1      | Found a faded altar of an unknown god.
   335 | D:1      | Prayed at the altar of an unknown god.
   335 | D:1      | Became a worshipper of Sif Muna the Loreminder
   335 | D:1      | Reached * piety under Sif Muna
   335 | D:1      | Reached ** piety under Sif Muna
   587 | D:1      | Reached *** piety under Sif Muna
   968 | D:1      | Identified a scroll of acquirement
   968 | D:1      | Acquired the +3 buckler of Vlad {rC+ Will+}
  1325 | D:2      | Reached XP level 3. HP: 35/35 MP: 3/3
  1601 | D:2      | Reached skill level 1 in Invocations
  1719 | D:2      | Reached skill level 1 in Short Blades
  1719 | D:2      | Reached skill level 1 in Axes
  1719 | D:2      | Reached skill level 1 in Maces & Flails
  1719 | D:2      | Reached skill level 1 in Polearms
  1719 | D:2      | Reached skill level 1 in Staves
  1719 | D:2      | Reached skill level 1 in Slings
  1719 | D:2      | Reached skill level 1 in Bows
  1719 | D:2      | Reached skill level 1 in Crossbows
  1719 | D:2      | Reached skill level 1 in Throwing
  1719 | D:2      | Reached skill level 1 in Armour
  1719 | D:2      | Reached skill level 1 in Shields
  1719 | D:2      | Reached skill level 1 in Unarmed Combat
  1719 | D:2      | Reached skill level 1 in Spellcasting
  1719 | D:2      | Reached skill level 1 in Evocations
  1892 | D:2      | Reached XP level 4. HP: 41/41 MP: 5/5
  1915 | D:2      | Reached skill level 1 in Conjurations
  1915 | D:2      | Reached skill level 1 in Hexes
  1915 | D:2      | Reached skill level 1 in Summonings
  1915 | D:2      | Reached skill level 1 in Necromancy
  1915 | D:2      | Reached skill level 1 in Translocations
  1915 | D:2      | Reached skill level 1 in Transmutations
  1915 | D:2      | Reached skill level 1 in Fire Magic
  1915 | D:2      | Reached skill level 1 in Ice Magic
  1915 | D:2      | Reached skill level 1 in Air Magic
  1915 | D:2      | Reached skill level 1 in Earth Magic
  1915 | D:2      | Reached skill level 1 in Poison Magic
  2396 | D:3      | HP: 1/41 [worm (7)]
  2707 | D:3      | Noticed Terence
  2726 | D:5      | Entered Level 5 of the Dungeon
  2726 | D:5      | You fall into a shaft and drop 2 floors!
  2727 | D:7      | Noticed a centaur
  2729 | D:7      | HP: 1/41 [centaur/arrow (10)]
  2734 | D:7      | Slain by a centaur

Illustrated notes

Levels and vault maps discovered:
D:1:      elethiomel_arrival_quiet, layout_basic, serial_forest,
          infiniplex_forest_clump_long, infiniplex_forest_lined_1,
          infiniplex_forest_lined_2, infiniplex_forest_pool,
          dilly_ecumenical_altar_fadedgnrine, chequers_serial_rivers_micro_b,
          dk_noncrumbling_3, minivault_24, interstate_on_off, item_on_display_a
D:2:      layout_loops_corners
D:3:      layout_rooms, lemuel_crystal_altar, serial_shops, shop, uniq_terence
D:4:      layout_loops_ring, nemelex_xobeh_ov_fountains_minmay,
          lemuel_round_altar, gammafunk_ghost_abyssal_escape
D:5:      layout_rooms, minmay_temple_entry_enclosed_plants,
          nicolae_shop_gadgets
D:7:      kennysheep_housing_project, layout_rooms, enter_ossuary_4, eino_jars,
          uniq_maggie

Skill      XL: |  1  2  3  4 |
---------------+-------------+-----
Invocations    | 1 |  1.4
Short Blades   | 1 |  1.2
Axes           | 1 |  1.2
Maces & Flails | 1 |  1.2
Polearms       | 1 |  1.2
Staves         | 1 |  1.2
Slings         | 1 |  1.2
Bows           | 1 |  1.2
Crossbows      | 1 |  1.2
Throwing       | 1 |  1.2
Armour         | 1 |  1.2
Shields        | 1 |  1.2
Unarmed Combat | 1 |  1.2
Spellcasting   | 1 |  1.2
Evocations     | 1 |  1.2
Conjurations   | 1 |  1.0
Hexes          | 1 |  1.0
Summonings     | 1 |  1.0
Necromancy     | 1 |  1.0
Translocations | 1 |  1.0
Transmutations | 1 |  1.0
Fire Magic     | 1 |  1.0
Ice Magic      | 1 |  1.0
Air Magic      | 1 |  1.0
Earth Magic    | 1 |  1.0
Poison Magic   | 1 |  1.0
Fighting       | |  6.6
Long Blades    | |  6.6
Dodging        | |  6.6
Stealth        | |  4.3

Action                   |  1- 3 |  4- 6 || total
-------------------------+-------+-------++-------
Melee: Falchion          |    24 |       ||    24
       Punch             |     2 |       ||     2
       Dagger            |    50 |    17 ||    67
       Bite              |     4 |     4 ||     8
       Staff             |       |    40 ||    40
  Use: Scroll            |     3 |     1 ||     4
 Stab: Sleeping          |     9 |       ||     9
Armor: Robe              |     5 |       ||     5
       Ring mail         |     6 |    14 ||    20
Dodge: Dodged            |    47 |    35 ||    82
Block: Buckler           |    11 |    24 ||    35
